 Dungeon Crawl Stone Soup version 0.27-a0-1301-g128193abf8 (console) character file.

Game seed: 14953828465088839060

359 jejorda2 the Slasher (level 6, -1/75 HPs)
             Began as a Merfolk Berserker on June 17, 2021.
             Was a Priest of Trog.
             Slain by a two-headed ogre (10 damage)
             ... on level 4 of the Dungeon.
             The game lasted 00:07:28 (3843 turns).

jejorda2 the Slasher (Merfolk Berserker)            Turns: 3843, Time: 00:07:28

Health: -1/75      AC: 14    Str: 20    XL:     6   Next: 65%
Magic:  6/6        EV:  8    Int:  6    God:    Trog [***...]
Gold:   199        SH:  0    Dex: 13    Spells: 5/5 levels left

rFire    . . .     SeeInvis .   a - +0 falchion
rCold    . . .     Faith    .   (no shield)
rNeg     . . .     Spirit   .   j - +0 chain mail
rPois    +         Reflect  .   i - +0 helmet
rElec    .         Harm     .   b - +2 cloak {Stlth+}
rCorr    .         Rampage  .   m - +0 pair of gloves
Will     .....                  (no boots)
Stlth    ..........             o - amulet of regeneration
HPRegen  1.22/turn              c - ring of poison resistance
MPRegen  0.10/turn              (no ring)

@: berserking, very quick
A: (nimble swimmer 2), mertail
a: Renounce Religion, Berserk, Trog's Hand


You were on level 4 of the Dungeon.
You worshipped Trog.
Trog was most pleased with you.
You visited 1 branch of the dungeon, and saw 4 of its levels.

You collected 199 gold pieces.

Inventory:

Hand Weapons
 a - a +0 falchion (weapon)
 k - a +0 flail
Missiles
 e - 12 boomerangs
 n - 2 curare-tipped darts
 p - 18 poisoned darts (quivered)
 r - a throwing net
Armour
 b - a +2 cloak of stealth (worn)
 i - a +0 helmet (worn)
 j - a +0 chain mail (worn)
 m - a +0 pair of gloves (worn)
Jewellery
 c - a ring of poison resistance (left hand)
 o - an amulet of regeneration (around neck)
Scrolls
 d - 2 scrolls of teleportation
 f - a scroll of fog
 h - a scroll of vulnerability
Potions
 g - 2 potions of attraction
 l - a potion of heal wounds
 q - a potion of berserk rage
 s - a potion of lignification {unknown}


   Skills:
 + Level 4.8 Fighting
 * Level 6.1 Long Blades
 + Level 2.8 Armour
 - Level 2.6 Dodging


You had 5 spell levels left.
You didn't know any spells.
Your spell library was empty.

Dungeon Overview and Level Annotations

Branches:
Dungeon (4/15)             Temple (0/1) D:4

Altars:
Zin

Shops:
D:3 (


Innate Abilities, Weirdness & Mutations

((You are quick and stealthy near water. (Stealth+, EV+, Speed+++)))
Your lower body shifts to a powerful aquatic tail in water.


Message History

You kill the quokka!
Trog accepts your kill.
No target in view!
No target in view!
No target in view!
s - a black potion
t - a scroll of identify
As you read the scroll of identify, it crumbles to dust.
l - a potion of heal wounds A two-headed ogre comes into view.
It is wielding two +0 giant spiked clubs.
The two-headed ogre shouts in stereo!
A red film seems to cover your vision as you go berserk!
You feel yourself moving faster!
You feel mighty! The two-headed ogre closely misses you.
The two-headed ogre hits you with a +0 giant spiked club!!
You hit the two-headed ogre.
The two-headed ogre is lightly wounded.
You slash the two-headed ogre!
The two-headed ogre is lightly wounded.
The two-headed ogre hits you with a +0 giant spiked club!
The two-headed ogre barely misses you.
You barely miss the two-headed ogre.
The two-headed ogre is lightly wounded.
You slash the two-headed ogre!
The two-headed ogre is moderately wounded.
The two-headed ogre hits you with a +0 giant spiked club!
The two-headed ogre barely misses you.
You hit the two-headed ogre.
The two-headed ogre is heavily wounded.
You slash the two-headed ogre!
The two-headed ogre is severely wounded.
The two-headed ogre closely misses you. x2
Your chain mail prevents you from hitting the two-headed ogre.
The two-headed ogre is severely wounded.
You slash the two-headed ogre!
The two-headed ogre is almost dead.
The two-headed ogre hits you with a +0 giant spiked club!!
* * * LOW HITPOINT WARNING * * *
The two-headed ogre hits you with a +0 giant spiked club!
You die...

#...........#***,*,,,*,*,*
#...........####.#**,,,*,*
#..............#.#,,,,,,,*
#..............#.#,*******
#...###..†###..#.#,,,,,,,*
#...# #.⌠.# #..#.#,,,***,*
##...###...###..#.#<#,***,*
................#O#.#,*,,,*
......⌠..>..⌠...@...#,*,***
...#.............##.#,*,*
...#####...###...#*,*,*,*
...# #.⌠.# #...#*,*,*,#
...# #...# #...#*,*,#.#
...# ##### #...#*,#...#
...###########...##.....#
.............'...'.....>#
###........#.#...##########


You could see a two-headed ogre.

Vanquished Creatures
  A water moccasin (D:4)
  Crazy Yiuf (D:3)
  An orc priest (D:4)
  An iguana (D:4)
  An orc wizard (D:3)
  4 adders
  An ufetubus (D:4)
  A worm (D:2)
  A dart slug (D:1)
  11 orcs
  7 ball pythons
  2 endoplasms
  5 giant cockroaches
  12 goblins
  7 hobgoblins
  6 jackals
  6 kobolds
  4 quokkas
  5 bats
  5 frilled lizards
  A rat (D:2)
83 creatures vanquished.

Notes
Turn   | Place    | Note
-------+----------+-------------------------------------------
     0 | D:1      | jejorda2 the Merfolk Berserker began the quest for the Orb.
     0 | D:1      | Reached XP level 1. HP: 18/18 MP: 1/1
   264 | D:1      | Reached XP level 2. HP: 24/24 MP: 2/2
   418 | D:1      | Found a faded altar of an unknown god.
   902 | D:1      | Reached skill level 4 in Long Blades
   902 | D:1      | Reached XP level 3. HP: 29/29 MP: 3/3
   923 | D:1      | Reached ** piety under Trog
  1334 | D:2      | You fall into a shaft and drop 2 floors!
  1379 | D:4      | Reached XP level 4. HP: 6/37 MP: 4/4
  1757 | D:4      | Noticed a water moccasin
  1768 | D:4      | Killed a water moccasin
  1769 | D:4      | Reached skill level 5 in Long Blades
  1769 | D:4      | Reached XP level 5. HP: 26/43 MP: 5/5
  2418 | D:3      | Reached XP level 6. HP: 38/49 MP: 6/6
  2837 | D:2      | Reached *** piety under Trog
  2854 | D:2      | Found a glowing silver altar of Zin.
  3193 | D:3      | Found Yrad's Weapon Boutique.
  3293 | D:3      | Found a runed translucent door.
  3294 | D:3      | Noticed Crazy Yiuf
  3533 | D:3      | Killed Crazy Yiuf
  3534 | D:3      | Reached skill level 6 in Long Blades
  3804 | D:4      | Found a staircase to the Ecumenical Temple.
  3834 | D:4      | Noticed a two-headed ogre
  3843 | D:4      | Slain by a two-headed ogre

Illustrated notes

Levels and vault maps discovered:
D:1:      scummos_arrival_forest, layout_basic,
          shapermc_ecumenical_altar_notcrosses, minmay_heptomino_l4
D:2:      layout_basic, basic_altar, minmay_misc_feat_ornament
D:3:      layout_loops_ring, serial_shops, shop, uniq_crazy_yiuf_cottage
D:4:      layout_basic, minmay_temple_entry_junction

Skill      XL: |  1  2  3  4  5  6 |
---------------+-------------------+-----
Long Blades    | 4 5 6 |  6.1
Armour         | 2 |  2.8
Fighting       | 4 |  4.8
Dodging        | |  2.6

Action                   |  1- 3 |  4- 6 || total
-------------------------+-------+-------++-------
Melee: Falchion          |    97 |   199 ||   296
Invok: Berserk           |     1 |     4 ||     5
  Use: Scroll            |     2 |     8 ||    10
 Stab: Sleeping          |     2 |       ||     2
Armor: Animal skin       |    13 |       ||    13
       Leather armour    |     2 |       ||     2
       Ring mail         |    17 |    28 ||    45
       Chain mail        |       |    75 ||    75
Dodge: Dodged            |    74 |    91 ||   165
       Rpst.: Falchion   |    24 |    26 ||    50

Table legend: (Time is in decaauts)
 A = Elapsed time spent in this place.
 B = Non-inter-level travel time spent in this place.
 C = Inter-level travel time spent in this place.
 D = Time resting spent in this place.
 E = Time spent auto-exploring this place.
 F = Levels seen in this place.
 G = Mean time per level.
                   A        B        C        D        E       F      G
               +--------+--------+--------+--------+--------+-----+--------+
         Total |   3892 |   3693 |    199 |    623 |   2348 |   4 |  973.0 |
       Dungeon |   3892 |   3693 |    199 |    623 |   2348 |   4 |  973.0 |
               +--------+--------+--------+--------+--------+-----+--------+

Top non-repeatable levels by time:
     D:1: 1180 daAuts
     D:3: 1089 daAuts
     D:4: 897 daAuts
     D:2: 724 daAuts
